 Dungeon Crawl Stone Soup version 0.23.1 (webtiles) character file.

Game seed: 16921625375095307876

245 Fang the Skirmisher (level 6, -2/58 HPs)
             Began as a Gargoyle Berserker on Mar 14, 2019.
             Was a Priest of Trog.
             Slain by a slave (6 damage)
             ... led by Pikel
             ... on level 4 of the Dungeon.
             The game lasted 00:04:43 (3005 turns).

Fang the Skirmisher (Gargoyle Berserker)            Turns: 3005, Time: 00:04:44

Health: -2/58      AC:  6    Str: 28    XL:     6   Next: 10%
Magic:  6/6        EV: 12    Int:  7    God:    Trog [***...]
Gold:   266        SH:  0    Dex:  9    Spells: 5/5 levels left

rFire    . . .     SeeInvis .   a - +0 hand axe
rCold    . . .     Gourm    +   (no shield)
rNeg     + . .     Faith    .   b - +0 animal skin
rPois    ∞         Spirit   .   (no helmet)
rElec    +         Reflect  .   (no cloak)
rCorr    .         Harm     .   (no gloves)
MR       .....                  (no boots)
Stlth    ..........             e - amulet of the gourmand
HPRegen  0.19/turn              (no ring)
MPRegen  0.10/turn              (no ring)

@: berserking, very quick
A: negative energy resistance 1, electricity resistance, unbreathing,
petrification resistance, rot immunity, AC +4
a: Berserk, Trog's Hand, Renounce Religion


You were on level 4 of the Dungeon.
You worshipped Trog.
Trog was most pleased with you.
You were very full.

You visited 1 branch of the dungeon, and saw 4 of its levels.

You collected 266 gold pieces.

Inventory:

Hand Weapons
 a - a +0 hand axe (weapon)
Armour
 b - a +0 animal skin (worn)
Jewellery
 e - an amulet of the gourmand (around neck)
Wands
 n - a wand of polymorph (7)
Scrolls
 h - 6 scrolls of identify {unknown}
 i - 2 scrolls of remove curse {unknown}
 j - a scroll of enchant armour {unknown}
 m - 2 scrolls of amnesia {unknown}
 o - a scroll of enchant weapon {unknown}
 p - a scroll of immolation {unknown}
 t - a scroll of magic mapping {unknown}
Potions
 f - 2 potions of curing {unknown}
 g - a potion of magic {unknown}
 k - a potion of heal wounds {unknown}
 l - 2 potions of berserk rage {unknown}
 q - a potion of agility {unknown}
 r - a potion of haste {unknown}
 s - a potion of resistance {unknown}
Comestibles
 c - 6 rations
 d - 3 chunks of flesh


   Skills:
 + Level 4.6 Fighting
 + Level 3.7 Axes
 + Level 3.8 Armour
 + Level 2.9 Dodging


You had 5 spell levels left.
You didn't know any spells.
Your spell library was empty.

Dungeon Overview and Level Annotations

Branches:
Dungeon (4/15)
 Temple: D:4-7

Altars:
Ashenzari
Trog
Vehumet

Annotations:
D:4 Pikel


Innate Abilities, Weirdness & Mutations

You are resistant to torment.
Your stone body is resilient. (AC +4)
You are immune to poison.
You resist negative energy. (rN+)
You are resistant to electric shocks. (rElec)
You can survive without breathing.
You are immune to petrification.
You are immune to rotting.


Message History

* * * LOW HITPOINT WARNING * * *
The slave closely misses you. Pikel barely misses you.
You hit Pikel but do no damage.
Pikel is moderately wounded.
You closely miss the slave. You hit the slave. You barely miss the slave. x2
The slave hits you.
* * * LOW HITPOINT WARNING * * *
The slave hits you but does no damage. The slave hits you.
* * * LOW HITPOINT WARNING * * *
The slave barely misses you.
You closely miss Pikel.
Pikel is moderately wounded.
You slash the slave! You barely miss the slave. You hit the slave.
You closely miss the slave. Pikel hits you but does no damage.
The slave hits you but does no damage.
You slash Pikel!
Pikel is severely wounded.
You closely miss the slave. x2; You hit the slave but do no damage.
You slash the slave! The slave hits you but does no damage. The slave hits you.
You die...

###.###.####
#..#........
#<#.###.###. #.#÷#
.# #.#.# .# .
#.##.#.#####.###.#
#....#.#.........#
#.......#ppK.....#
##.###.###@pa....#
#.## ##p.....# ##
.....## .....#
.....# #.#### .#
..


You could see Pikel, 4 slaves and a worker ant.

Vanquished Creatures
  3 orc priests (D:3)
  5 adders
  2 oozes
  A worm (D:4)
  A dart slug (D:1)
  A leopard gecko (D:3)
  6 orcs (D:3)
  A ball python (D:1)
  10 bats
  4 giant cockroaches
  8 goblins
  12 hobgoblins
  4 kobolds
  4 quokkas
  2 frilled lizards (D:1)
  30 rats
94 creatures vanquished.

Notes
Turn   | Place    | Note
-------+----------+-------------------------------------------
     0 | D:1      | Fang the Gargoyle Berserker began the quest for the Orb.
     0 | D:1      | Reached XP level 1. HP: 14/14 MP: 1/1
   105 | D:1      | Reached XP level 2. HP: 15/19 MP: 2/2
   516 | D:1      | Reached XP level 3. HP: 22/23 MP: 3/3
  1645 | D:2      | Reached ** piety under Trog
  1645 | D:2      | Reached XP level 4. HP: 28/29 MP: 4/4
  1708 | D:2      | Reached skill level 4 in Fighting
  1812 | D:2      | Noticed a moth of wrath
  1815 | D:2      | Found a bloodstained altar of Trog.
  2000 | D:2      | Found a radiant altar of Vehumet.
  2000 | D:2      | Found a shattered altar of Ashenzari.
  2322 | D:3      | Reached XP level 5. HP: 27/33 MP: 5/5
  2693 | D:3      | Reached XP level 6. HP: 30/39 MP: 6/6
  2825 | D:3      | Reached *** piety under Trog
  2995 | D:4      | Noticed Pikel
  2995 | D:4      | Noticed a slave
  2996 | D:4      | Noticed a slave
  2996 | D:4      | Noticed a slave
  2996 | D:4      | Noticed a slave
  3005 | D:4      | Slain by a slave

Skill      XL: |  1  2  3  4 |
---------------+-------------+-----
Axes           | 3 |  3.7
Dodging        | 2 |  2.9
Fighting       | 4 |  4.6
Armour         | 3 |  3.8

Action                   |  1- 3 |  4- 6 || total
-------------------------+-------+-------++-------
Melee: Hand axe          |   105 |   191 ||   296
Invok: Berserk           |       |     3 ||     3
 Stab: Sleeping          |       |     1 ||     1
  Eat: Chunk             |    15 |     7 ||    22
Armor: Animal skin       |    40 |    76 ||   116
Dodge: Dodged            |    95 |   148 ||   243
